 Dungeon Crawl Stone Soup version 0.23.2 (webtiles) character file.

Game seed: 3305934019730484776

10204 OdinFK the Zephyrmancer (level 11, -7/57 HPs)
             Began as a Tengu Air Elementalist on Apr 8, 2019.
             Was a Priest of Vehumet.
             Killed by divine providence
             ... invoked by a meliai
              (15 damage)
             ... on level 13 of the Dungeon.
             The game lasted 00:53:37 (11942 turns).

OdinFK the Zephyrmancer (Tengu Air Elementalist)   Turns: 11942, Time: 00:53:38

Health: -7/57      AC:  9    Str:  9    XL:     11   Next: 58%
Magic:  5/27       EV: 16    Int: 28    God:    Vehumet [***...]
Gold:   621        SH:  0    Dex: 15    Spells: 20/32 levels left

rFire    . . .     SeeInvis .   g - +3 mace of Niqetuo {protect, *Noise rElec MR+ Int+7} (curse)
rCold    . . .     Gourm    .   (no shield)
rNeg     . . .     Faith    .   D - +0 steam dragon scales
rPois    .         Spirit   .   (helmet restricted)
rElec    +         Reflect  .   q - +0 cloak
rCorr    .         Harm     .   E - +2 pair of gloves
MR       +....                  (boots unavailable)
Stlth    ++........             (no amulet)
HPRegen  0.19/turn              u - +3 ring of intelligence
MPRegen  0.20/turn              a - +4 ring of slaying

@: flying quickly and evasively, very slightly contaminated, slowed, very slow
A: beak, talons 3, able to fly
a: Stop Flying, Renounce Religion


You were on level 13 of the Dungeon.
You worshipped Vehumet.
Vehumet was most pleased with you.
You were not hungry.

You visited 2 branches of the dungeon, and saw 13 of its levels.

You collected 621 gold pieces.

Inventory:

Hand Weapons
 g - the cursed +3 mace of Niqetuo (weapon) {protect, *Noise rElec MR+ Int+7}
   (You found it on level 6 of the Dungeon)

   It protects the one who uses it against injury (+AC on strike).
   It affects your intelligence (+7).
   It insulates you from electricity.
   It affects your resistance to hostile enchantments.
   It may make noises in combat.
   It has a curse placed upon it.
Armour
 l - a +2 robe of positive energy
 q - a +0 cloak (worn)
 D - +0 steam dragon scales (worn)
 E - a +2 pair of gloves (worn)
Jewellery
 a - a +4 ring of slaying (right hand)
 u - a +3 ring of intelligence (left hand)
 v - an uncursed ring of protection from fire
 H - an uncursed ring of positive energy
Wands
 t - a wand of polymorph (8)
 F - a wand of digging (4)
 G - a wand of clouds (5)
Scrolls
 b - 7 scrolls of teleportation
 d - a scroll of fog
 f - 3 scrolls of fear
 i - a scroll of immolation {unknown}
 j - 2 scrolls of blinking
 m - 4 scrolls of remove curse
 n - 7 scrolls of identify
 p - 2 scrolls of magic mapping
 y - a scroll of enchant weapon {unknown}
 B - a scroll of enchant armour {unknown}
Potions
 e - 3 potions of curing
 h - 5 potions of might
 k - 2 potions of berserk rage
 o - 2 potions of mutation
 r - a potion of resistance {unknown}
 s - a potion of brilliance {unknown}
 x - a potion of ambrosia {unknown}
 A - a potion of degeneration {unknown}
 C - 3 potions of lignification
Comestibles
 c - 12 rations
 z - 2 chunks of flesh


   Skills:
 + Level 2.0 Fighting
   Level 1.5 Short Blades
 + Level 2.4 Maces & Flails
 + Level 3.6 Dodging
 - Level 2.0 Stealth
 + Level 11.1 Spellcasting
 + Level 9.0 Conjurations
 + Level 12.9 Air Magic
 * Level 3.6 Evocations


You had 20 spell levels left.
You knew the following spells:

 Your Spells              Type           Power        Failure   Level  Hunger
a - Shock                 Conj/Air       ####         1%          1    None
b - Swiftness             Chrm/Air       ######..     1%          2    None
c - Airstrike             Air            ######....   1%          4    None
d - Lightning Bolt        Conj/Air       ######....   1%          5    ###....

Your spell library contained the following spells:

 Spells                   Type           Power        Failure   Level  Hunger
 Mephitic Cloud           Conj/Pois/Air  ######..     1%          3    None
 Static Discharge         Conj/Air       ######..     1%          3    None
 Force Lance              Conj/Tloc      #####...     1%          4    None
 Beastly Appendage        Tmut           ###...       3%          1    None
 Sticks to Snakes         Tmut           ###.....     5%          2    None
 Gell's Gravitas          Tloc           ###.......   11%         3    None
 Portal Projectile        Hex/Tloc       ###...       11%         3    None
 Spider Form              Tmut/Pois      ###.......   11%         3    None
 Ice Form                 Ice/Tmut       ###.....     34%         4    None
 Blade Hands              Tmut           ###.......   69%         5    ###....
 Dispersal                Tloc           ###.......   99%         6    #####..
 Controlled Blink         Tloc           N/A          100%        8    #######
 Disjunction              Tloc           ###.......   100%        8    #######


Dungeon Overview and Level Annotations

Branches:
Dungeon (11/15)            Temple (1/1) D:4            Lair (0/6) D:8
    Orc: D:9-12

Altars:
Ashenzari
Cheibriados
Dithmenos
Elyvilon
Fedhas
Gozag
Hepliaklqana
Kikubaaqudgha
Makhleb
Nemelex Xobeh
Okawaru
Qazlal
Ru
Sif Muna
Trog
Uskayaw
Vehumet
Wu Jian
Xom
Yredelemnul
Zin
The Shining One

Shops:
D:4 (   D:6 }((::

Portals:
Trove: D:10 (give 8 potions of haste)

Annotations:
D:6 1 runed translucent door, Crazy Yiuf


Innate Abilities, Weirdness & Mutations

You have a beak for a mouth.
You have claws for feet.
You can fly continuously.


Message History

The killer bee goes berserk!
The killer bee barely misses you. x2
Okay, then.
Evoke which item? (* to show all) (? for menu, Esc to quit)
Aiming: Corrosive Bolt
Press: ? - help, Shift-Dir - straight line, f - killer bee
Aim: a killer bee The bolt of acid misses the killer bee.
The bolt of acid hits the killer bee!
The killer bee is splashed with acid.
The acid corrodes the killer bee!
The killer bee is severely wounded.
The bolt of acid hits the meliai!
The meliai is splashed with acid.
The acid corrodes the meliai!
The meliai is almost dead.
The now-empty wand crumbles to dust.
The killer bee barely misses you. x2
The meliai calls down the wrath of its god upon you.
Something smites you!
* * * LOW HITPOINT WARNING * * *
The killer bee completely misses you. The killer bee barely misses you.
The meliai mumbles some strange prayers to its god against you.
Something smites you!
You die...

#....Zy...
+.§§§§§§
#..yy.yy..
#..§§§§§
#...yyyO.%
#.§.§§§§
#yy.5yyy..
#.......
+yy%.y%y..
#...)...


#yyyyyyy.. #....... ###y###### #######' #yy## . #y@# ##+# You could see a queen
bee, a meliai and 9 killer bees.

Vanquished Creatures
  A hydra (D:13)
  Harold (D:7)
  A two-headed ogre (D:6)
  Sonja (D:13)
  An unseen horror (D:7)
  Pikel (D:6)
  A centaur skeleton (D:8)
  A komodo dragon (D:10)
  A spriggan (D:9)
  2 wyverns
  4 yaks
  A steam dragon (D:8)
  3 hungry ghosts
  Menkaure (D:4)
  Duvessa (D:6)
  7 orc warriors
  A sky beast (D:5)
  2 slaves (D:6)
  A hornet zombie (D:7)
  2 black bears
  3 necrophages
  6 ogres
  An ice beast (D:3)
  A phantom (D:7)
  2 bullfrogs
  A big kobold (D:9)
  Dowan (D:6)
  A water moccasin zombie (D:8)
  4 scorpions
  5 killer bees (D:8)
  5 wights (D:7)
  A bullfrog zombie (D:7)
  3 crimson imps
  3 hounds
  11 orc wizards
  2 quasits
  4 orc priests
  2 bullfrog skeletons
  5 jellies
  2 iguanas
  Jessica (D:2)
  6 worker ants
  A hound zombie (D:7)
  A hound skeleton (D:4)
  2 mummies (D:7)
  Robin (D:3)
  4 worker ant zombies
  A howler monkey skeleton (D:8)
  6 adders
  3 shadow imps
  An adder zombie (D:5)
  An adder skeleton (D:7)
  A worm (D:6)
  4 dart slugs
  2 leopard geckos
  28 orcs
  2 giant cockroaches (D:1)
  2 gnoll zombies (D:6)
  15 goblins
  9 hobgoblins
  8 quokkas
  A ball python (D:4)
  9 bats
  8 frilled lizards
  9 kobolds
  A leopard gecko zombie (D:7)
  7 rats
231 creatures vanquished.

Vanquished Creatures (others)
  A quokka (D:8)
1 creature vanquished.

Grand Total: 232 creatures vanquished

Notes
Turn   | Place    | Note
-------+----------+-------------------------------------------
     0 | D:1      | OdinFK the Tengu Air Elementalist began the quest for the
                  | Orb.
     0 | D:1      | Reached XP level 1. HP: 10/10 MP: 4/4
     2 | D:1      | Noticed a formicid
     2 | D:1      | Noticed a troll
     4 | D:1      | Noticed an elf
     4 | D:1      | Noticed a gargoyle
     6 | D:1      | Noticed an ogre
     6 | D:1      | Noticed a minotaur
     8 | D:1      | Noticed a vine stalker
     8 | D:1      | Noticed a demigod
    11 | D:1      | Noticed a naga
    11 | D:1      | Noticed a ghoul
    13 | D:1      | Noticed a demonspawn
    15 | D:1      | Noticed a spriggan
    17 | D:1      | Noticed a felid
    19 | D:1      | Noticed an octopode
    19 | D:1      | Noticed a centaur
    21 | D:1      | Noticed a halfling
    21 | D:1      | Noticed a draconian
    23 | D:1      | Noticed a merfolk
    23 | D:1      | Noticed a dwarf
    25 | D:1      | Noticed a human
    25 | D:1      | Noticed a vampire
    27 | D:1      | Noticed a tengu
   145 | D:1      | Found a glowing golden altar of the Shining One.
   202 | D:1      | Reached XP level 2. HP: 10/15 MP: 0/6
   206 | D:1      | Learned a level 2 spell: Swiftness
   803 | D:2      | Reached XP level 3. HP: 19/19 MP: 3/7
   876 | D:2      | Noticed Jessica
  1218 | D:2      | Killed Jessica
  1218 | D:2      | Reached XP level 4. HP: 24/24 MP: 4/9
  1232 | D:2      | Learned a level 4 spell: Airstrike
  1352 | D:2      | Found an opulent altar of Gozag.
  1392 | D:2      | Found a hazy altar of Hepliaklqana.
  1575 | D:3      | Reached skill level 1 in Evocations
  1777 | D:3      | Reached skill level 1 in Fighting
  1809 | D:3      | Found a faded altar of an unknown god.
  2027 | D:3      | Reached skill level 5 in Air Magic
  2093 | D:3      | Found a snail-covered altar of Cheibriados.
  2139 | D:3      | Noticed Robin
  2151 | D:3      | Gained mutation: You can fly continuously. [Tengu growth]
  2151 | D:3      | Reached XP level 5. HP: 17/29 MP: 2/10
  2152 | D:3      | Killed Robin
  2427 | D:3      | Noticed an ice beast
  2927 | D:4      | Found Ozail's Weapon Shop.
  2933 | D:4      | Noticed an ogre
  2973 | D:3      | Killed an ice beast
  2973 | D:3      | Reached XP level 6. HP: 34/34 MP: 0/13
  3317 | D:4      | Found a stormy altar of Qazlal.
  3494 | D:4      | Reached skill level 6 in Air Magic
  3561 | D:4      | Noticed Menkaure
  3564 | D:4      | Killed Menkaure
  3564 | D:4      | Reached skill level 5 in Spellcasting
  3564 | D:4      | Reached XP level 7. HP: 38/38 MP: 2/15
  3792 | D:4      | Reached skill level 7 in Air Magic
  3875 | D:4      | Found a staircase to the Ecumenical Temple.
  3884 | Temple   | Entered the Ecumenical Temple
  4100 | Temple   | Became a worshipper of Vehumet
  4568 | D:5      | Entered Level 5 of the Dungeon
  4959 | D:5      | Reached XP level 8. HP: 43/43 MP: 0/17
  5564 | D:6      | Found Kuenig's Book Boutique.
  5564 | D:6      | Noticed Duvessa
  5565 | D:6      | Noticed Dowan
  5568 | D:6      | Killed Duvessa
  5568 | D:6      | Reached skill level 8 in Air Magic
  5688 | D:6      | Found a basalt altar of Yredelemnul.
  5806 | D:6      | Found Fonuts's Gadget Shop.
  5939 | D:6      | Learned a level 5 spell: Lightning Bolt
  6083 | D:6      | Found Set Nues's Antique Weapon Boutique.
  6121 | D:6      | Found Vuemedeh's Weapon Shoppe.
  6161 | D:6      | Found an iron altar of Okawaru.
  6182 | D:6      | Noticed Pikel
  6336 | D:6      | Killed Dowan
  6489 | D:6      | Noticed a two-headed ogre
  6526 | D:6      | Reached skill level 5 in Conjurations
  6582 | D:6      | Reached skill level 1 in Short Blades
  6697 | D:6      | Reached * piety under Vehumet
  6697 | D:6      | Offered knowledge of Sandblast by Vehumet.
  6743 | D:6      | Got a crude mace
  6886 | D:6      | Found a runed translucent door.
  6887 | D:6      | Noticed Crazy Yiuf
  6922 | D:6      | Reached XP level 9. HP: 47/47 MP: 14/20
  7001 | D:6      | Killed Pikel
  7001 | D:6      | Reached skill level 9 in Air Magic
  7117 | D:6      | Killed a two-headed ogre
  7168 | D:6      | Found Aniysiott's Book Emporium.
  7311 | D:6      | Reached skill level 10 in Air Magic
  7751 | D:6      | Identified the cursed +3 mace of Niqetuo {protect, *Noise
                  | rElec MR+ Int+7} (You found it on level 6 of the Dungeon)
  7853 | D:7      | Reached XP level 10. HP: 51/52 MP: 3/24
  8089 | D:7      | Offered knowledge of Throw Flame by Vehumet.
  8203 | D:7      | Reached ** piety under Vehumet
  8274 | D:7      | Found a glowing silver altar of Zin.
  8284 | D:7      | Noticed Harold
  8443 | D:7      | Killed an unseen horror
  8443 | D:7      | Reached skill level 1 in Maces & Flails
  8705 | D:7      | Killed Harold
  9285 | D:8      | Reached skill level 10 in Spellcasting
  9285 | D:8      | Reached skill level 11 in Air Magic
  9318 | D:8      | Found a white marble altar of Elyvilon.
 10018 | D:8      | Offered knowledge of Stone Arrow by Vehumet.
 10018 | D:8      | Reached XP level 11. HP: 56/57 MP: 7/26
 10049 | D:8      | Found a shattered altar of Ashenzari.
 10051 | D:8      | Found a staircase to the Lair.
 10255 | D:9      | Reached skill level 12 in Air Magic
 10944 | D:9      | Found a deep blue altar of Sif Muna.
 11002 | D:10     | Entered Level 10 of the Dungeon
 11038 | D:10     | Reached *** piety under Vehumet
 11359 | D:10     | Offered knowledge of Mephitic Cloud by Vehumet.
 11649 | D:10     | Found a portal to a secret trove of treasure.
 11926 | D:11     | You are sucked into a shaft for 2 floors!
 11927 | D:13     | Noticed an eight-headed hydra
 11930 | D:13     | Noticed Sonja
 11931 | D:13     | Killed an eight-headed hydra
 11935 | D:13     | Killed Sonja
 11936 | D:13     | Noticed a cyclops
 11939 | D:13     | Noticed a two-headed ogre
 11942 | D:13     | Killed from afar by a meliai

Skill      XL: |  1  2  3  4  5  6  7  8  9 10 11 |
---------------+----------------------------------+-----
Conjurations   | 2 3 5 6 8 9 |  9.0
Evocations     | 1 2 3 |  3.6
Fighting       | 1 2 |  2.0
Spellcasting   | 3 4 5 7 9 10 11 | 11.1
Air Magic      | 5 6 7 8 10 11 12 | 12.9
Short Blades   | 1 |  1.5
Dodging        | 3 |  3.6
Maces & Flails | 1 2 |  2.4
Stealth        | |  2.0

Action                   |  1- 3 |  4- 6 |  7- 9 | 10-12 || total
-------------------------+-------+-------+-------+-------++-------
Melee: Unarmed           |     3 |       |       |       ||     3
       Peck              |     2 |     1 |    12 |    14 ||    29
       Short sword       |    11 |     8 |    13 |       ||    32
       Kick              |     3 |     1 |    18 |    24 ||    46
       Dagger            |       |       |    42 |       ||    42
       Mace              |       |       |     4 |    98 ||   102
 Cast: Shock             |    52 |    76 |    43 |    11 ||   182
       Swiftness         |     1 |       |       |       ||     1
       Airstrike         |       |    17 |    89 |   124 ||   230
       Lightning Bolt    |       |       |     5 |    10 ||    15
 Abil: Fly               |       |     1 |       |       ||     1
Evoke: Wand              |       |     3 |     2 |     3 ||     8
  Use: Potion            |     2 |       |       |     2 ||     4
       Scroll            |       |     1 |     7 |     6 ||    14
 Stab: Sleeping          |       |     1 |     1 |     2 ||     4
       Distracted        |       |       |     1 |       ||     1
  Eat: Chunk             |     1 |     9 |    15 |    16 ||    41
       Ration            |       |     1 |     2 |       ||     3
Armor: Robe              |    15 |     5 |     4 |    10 ||    34
       Steam dragon scal |       |       |       |    26 ||    26
Dodge: Dodged            |    44 |    14 |    72 |   130 ||   260
